 Dungeon Crawl Stone Soup version 0.26-a0-638-gcca6ad1b57 (webtiles) character file.

Game seed: 15895753556821181279

76 DogServant the Conjurer (level 4, 25/25 HPs)
             Began as a Deep Elf Conjurer on Sept 14, 2020.
             Quit the game on level 2 of the Dungeon.
             The game lasted 00:03:45 (1480 turns).

DogServant the Conjurer (Deep Elf Conjurer)         Turns: 1480, Time: 00:03:46

Health: 25/25      AC:  2    Str:  4    XL:     4   Next: 12%
Magic:  11/11      EV: 13    Int: 24    God:
Gold:   106        SH:  0    Dex: 13    Spells: 4/10 levels left

rFire    . . .     SeeInvis .   f - +2 short sword (protect)
rCold    . . .     Faith    .   (no shield)
rNeg     . . .     Spirit   .   a - +0 robe
rPois    .         Reflect  .   (no helmet)
rElec    .         Harm     .   (no cloak)
rCorr    .         Rampage  .   (no gloves)
MR       .....                  (no boots)
Stlth    ++........             (no amulet)
HPRegen  0.08/turn              (no ring)
MPRegen  0.12/turn              (no ring)

@: no status effects
A: no striking features
a: no special abilities


You were on level 2 of the Dungeon.
You visited 1 branch of the dungeon, and saw 2 of its levels.

You collected 106 gold pieces.

Inventory:

Hand Weapons
 f - a +2 short sword of protection (weapon)
Armour
 a - a +0 robe (worn)
 n - a +0 pair of gloves
Wands
 j - a wand of paralysis (12)
Scrolls
 b - 4 scrolls of teleportation {unknown}
 e - a scroll of immolation {unknown}
 g - a scroll of amnesia {unknown}
 h - a scroll of enchant weapon {unknown}
 i - a scroll of identify {unknown}
 k - a scroll of blinking {unknown}
 m - a scroll of fog {unknown}
Potions
 c - a potion of lignification {unknown}
 d - a potion of stabbing {unknown}
 l - a potion of curing {unknown}


   Skills:
 + Level 1.2 Fighting
 - Level 2.7 Dodging
 - Level 2.4 Stealth
 + Level 3.9 Spellcasting
 + Level 5.3 Conjurations


You had 4 spell levels left.
You knew the following spells:

 Your Spells              Type           Power        Failure   Level
a - Magic Dart            Conj           ####         1%          1
b - Searing Ray           Conj           ####..       1%          2
c - Dazzling Flash        Conj/Hex       ###...       10%         3

Your spell library contained the following spells:

 Spells                   Type           Power        Failure   Level
 Fulminant Prism          Conj/Hex       ###.......   32%         4
 Iskenderun's Mystic Bla  Conj/Tloc      ###.....     32%         4


Dungeon Overview and Level Annotations

Branches:
Dungeon (2/15)

Altars:
Yredelemnul


Message History

No target in view!
No target in view!
No target in view!
No target in view!
No target in view!
No target in view!
No target in view!
No target in view!
l - a glowing black potion
m - a scroll labeled SOATO ZOSUTE You see here a pair of gloves.
n - a pair of gloves Welcome back, DogServant the Deep Elf Conjurer.
Press ? for a list of commands and other information.
A leopard gecko and a goblin come into view.
The goblin shouts!
Found a mace.
There are monsters nearby!
A giant cockroach comes into view.
Are you sure you want to abandon this character and quit the game? (Confirm with "yes".)

#..#s .##l #.... ...#
....#####...# #g.........
... ######## #..$?#...#
..... .......#####........#
.....
######.#...#....#.#.##.#...
...........# #..@...#...#..
######.#...# #......#......
#.##.## ###........# #
#.##.# #......#####.#
#.##[# ##)#..†.......
#.##.# #............
###.##.#### ###...†.##..
#.<.....).# #.#####
#.#######.# ##.#


You could see a leopard gecko (asleep), a giant cockroach (wandering) and a
goblin.

Vanquished Creatures
  A howler monkey skeleton (D:2)
  2 adders (D:2)
  A worm (D:2)
  A dart slug (D:1)
  A leopard gecko (D:1)
  9 bats
  3 giant cockroaches
  3 goblins
  5 hobgoblins
  5 frilled lizards
  2 kobolds (D:2)
  10 rats
43 creatures vanquished.

Notes
Turn   | Place    | Note
-------+----------+-------------------------------------------
     0 | D:1      | DogServant the Deep Elf Conjurer began the quest for the
                  | Orb.
     0 | D:1      | Reached XP level 1. HP: 10/10 MP: 6/6
   187 | D:1      | Reached XP level 2. HP: 15/15 MP: 1/8
   408 | D:1      | Reached skill level 5 in Conjurations
   822 | D:2      | Reached XP level 3. HP: 20/20 MP: 5/9
   838 | D:2      | Learned a level 2 spell: Searing Ray
   842 | D:2      | Learned a level 3 spell: Dazzling Flash
  1242 | D:2      | Reached skill level 1 in Fighting
  1257 | D:2      | Found a basalt altar of Yredelemnul.
  1419 | D:2      | Reached XP level 4. HP: 21/25 MP: 11/11
  1480 | D:2      | Quit the game

Illustrated notes

Levels and vault maps discovered:
D:1:      scummos_arrival_simple_fountains, layout_basic,
          chequers_serial_rivers_micro_b
D:2:      layout_loops_ring, hangedman_decor_lopped, yredelemnul_altar_generic,
          uniq_terence

Skill      XL: |  1  2  3 |
---------------+----------+-----
Conjurations   | 5 |  5.3
Fighting       | 1 |  1.2
Dodging        | |  2.7
Stealth        | |  2.4
Spellcasting   | |  3.9

Action                   |  1- 3 |  4- 6 || total
-------------------------+-------+-------++-------
Melee: Short sword       |    45 |     3 ||    48
 Cast: Magic Dart        |    52 |       ||    52
       Searing Ray       |     1 |       ||     1
 Stab: Sleeping          |     3 |       ||     3
Armor: Robe              |    27 |     6 ||    33
Dodge: Dodged            |    42 |     6 ||    48

Table legend: (Time is in decaauts)
 A = Elapsed time spent in this place.
 B = Non-inter-level travel time spent in this place.
 C = Inter-level travel time spent in this place.
 D = Time resting spent in this place.
 E = Time spent auto-exploring this place.
 F = Levels seen in this place.
 G = Mean time per level.
                   A        B        C        D        E       F      G
               +--------+--------+--------+--------+--------+-----+--------+
         Total |   1484 |   1461 |     23 |    189 |   1011 |   2 |  742.0 |
       Dungeon |   1484 |   1461 |     23 |    189 |   1011 |   2 |  742.0 |
               +--------+--------+--------+--------+--------+-----+--------+

Top non-repeatable levels by time:
     D:2: 748 daAuts
     D:1: 736 daAuts
